 Dungeon Crawl Stone Soup version 0.28.0-53-g5a82cb258f (webtiles) character file.

Game seed: 6246247796577700515

4102 Ethylacetat the Archer (level 10, -6/103 HPs)
             Began as a Naga Hunter on May 24, 2022.
             Was a Follower of Cheibriados.
             Mangled by an orc warrior zombie
             ... wielding a +0 halberd
              (10 damage)
             ... in a bailey on May 25, 2022.
             The game lasted 00:29:48 (7132 turns).

Ethylacetat the Archer (Naga Hunter)                Turns: 7132, Time: 00:29:49

Health: -6/103     AC: 14    Str: 18 (19) XL:     10   Next: 26%
Magic:  12/14      EV: 10    Int: 14 (16) God:    Cheibriados [*.....]
Gold:   142        SH:  0    Dex: 18 (21) Spells: 9/9 levels left

rFire   + + .      SeeInvis +   o - +2 rapier "Hoikuos" {protect, rCorr Int+2 SInv}
rCold   + . .      Faith    .   (no shield)
rNeg    . . .      Spirit   .   c - +0 leather armour
rPois   +          Reflect  .   (no helmet)
rElec   +          Harm     .   b - +2 cloak
rCorr   +          Rampage  .   (no gloves)
Will    +....                   (no barding)
Stlth   ++........              (no amulet)
HPRegen 0.27/turn               t - +6 ring of dexterity
MPRegen 0.14/turn               v - ring of protection from fire

@: resistant, under a protective aura, unable to read, very slow
A: AC +3, large, see invisible, deformed body, poison resistance, slowness 2,
spit poison 1, naga tail 1, stinger 1, inability to read while threatened
a: Spit Poison, Renounce Religion, Bend Time


You were in a bailey.
You worshipped Cheibriados.
Cheibriados was aware of your devotion.
You visited 2 branches of the dungeon, and saw 8 of its levels.
You also visited: Bailey.

You collected 304 gold pieces.
You spent 162 gold pieces at shops.

Inventory:

Hand Weapons
 a - a +1 shortbow
 o - the +2 rapier "Hoikuos" (weapon) {protect, rCorr Int+2 SInv}
   (You bought it in a shop on level 4 of the Dungeon)

   It grants its wielder temporary protection when it strikes (+7 to AC).
   Int:       It affects your intelligence (+2).
   SInv:      It lets you see invisible.
   rCorr:     It protects you from acid and corrosion.
Missiles
 d - 71 arrows
 m - 3 curare-tipped darts (quivered)
Armour
 b - a +2 cloak (worn)
 c - a +0 leather armour (worn)
Jewellery
 t - a +6 ring of dexterity (left hand)
 v - a ring of protection from fire (right hand)
Scrolls
 e - 3 scrolls of identify
 g - 3 scrolls of immolation
 h - a scroll of brand weapon {unknown}
 i - a scroll of silence {unknown}
 j - a scroll of amnesia
 l - a scroll of holy word
 n - a scroll of enchant armour {unknown}


   Skills:
 + Level 10.5 Fighting
 - Level 5.1 Short Blades
 * Level 11.7 Bows
 - Level 2.0 Dodging
 - Level 2.7 Stealth
 + Level 5.8 Invocations


You had 9 spell levels left.
You didn't know any spells.
Your spell library contained the following spells:

 Spells                   Type           Power      Damage    Failure   Level
 Slow                     Hex            0%         N/A       34%         1
 Passwall                 Tmut/Erth      0%         N/A       45%         2
 Static Discharge         Conj/Air       0%         N/A       45%         2
 Confusing Touch          Hex            0%         N/A       71%         3
 Ignite Poison            Fire/Tmut/Pois 0%         N/A       71%         3
 Vampiric Draining        Necr           0%         2d6       71%         3
 Fulminant Prism          Conj/Hex       0%         3d6       98%         4


Dungeon Overview and Level Annotations

Branches:
Dungeon (7/15)             Temple (1/1) D:7          Bailey (1/1)

Altars:
Ashenzari
Cheibriados
Dithmenos
Elyvilon
Okawaru
Vehumet
Yredelemnul

Shops:
D:4 (


Innate Abilities, Weirdness & Mutations

Your serpentine skin is tough. (AC +3)
You have supernaturally acute eyesight. (SInv)
Armour fits poorly on your strangely shaped body.
Your system is resistant to poisons. (rPois)
You cover ground very slowly.
You can spit poison.
You have a snake-like lower body.
Your tail ends in a venomous barb.
You sometimes lose the ability to read scrolls when taking damage.


Message History

You hit the orc zombie.
The orc zombie is severely damaged.
The orc warrior zombie closely misses you.
The orc warrior zombie barely misses you.
You hit the orc zombie.
You destroy the orc zombie!
The orc warrior zombie hits you from afar with a +0 halberd.
* * * LOW HITPOINT WARNING * * *
The orc zombie hits you but does no damage.
The orc warrior zombie hits you but does no damage.
You barely miss the orc zombie.
The orc warrior zombie hits you from afar with a +0 halberd.
* * * LOW HITPOINT WARNING * * *
You puncture the orc zombie!
You destroy the orc zombie!
The orc warrior zombie completely misses you.
The orc warrior zombie closely misses you.
The orc warrior zombie hits you but does no damage.
The orc warrior zombie barely misses you.
You see here a +0 spear.
You puncture the orc warrior zombie!
The orc warrior zombie is moderately damaged.
The orc warrior zombie hits you but does no damage.
You barely miss the orc warrior zombie.
The orc warrior zombie is moderately damaged.
The orc warrior zombie hits you but does no damage.
The orc warrior zombie misses you.
You barely miss the orc warrior zombie.
The orc warrior zombie is moderately damaged.
The orc warrior zombie hits you with a +0 trident.
* * * LOW HITPOINT WARNING * * *
You closely miss the orc warrior zombie.
The orc warrior zombie is moderately damaged.
The orc warrior zombie barely misses you.
The orc warrior zombie hits you with a +0 trident.
* * * LOW HITPOINT WARNING * * *
You puncture the orc warrior zombie!
The orc warrior zombie is severely damaged.
The orc warrior zombie hits you from afar with a +0 halberd!
You die...

######## #......+
######b.....#
#!.).#Z.....####
#!Z@.ZZ.....'..+
########''###.b#
#8.....#Z.Z.# .
#......#.Zbb#...
#......######...
#...##..........
#....##).....♣♣.
##....#.........♣
##)..##....♣..♣.


You could see an orc zombie and 3 orc warrior zombies.

Vanquished Creatures
  An ice beast (D:6)
  3 ogres
  A necrophage (D:5)
  A phantom (D:6)
  A bullfrog (D:7)
  A gnoll sergeant (D:5)
  3 scorpions (D:5)
  A water moccasin skeleton (D:5)
  A howler monkey (D:6)
  4 vampire bats (Bailey)
  2 bullfrog zombies (D:6)
  2 jellies (D:4)
  A hound (D:6)
  3 orc priests
  Terence (D:3)
  3 iguanas
  4 orc wizards
  A killer bee zombie (D:6)
  8 gnolls
  10 adders
  A worm (D:5)
  A dart slug (D:1)
  9 orcs
  7 ball pythons
  7 bats
  4 endoplasms
  3 giant cockroaches
  7 goblins
  3 hobgoblins
  3 jackals (D:2)
  4 quokkas
  3 frilled lizards
  9 kobolds
  14 orc zombies (Bailey)
  4 rats
131 creatures vanquished.

Notes
Turn   | Place    | Note
-------+----------+-------------------------------------------
     0 | D:1      | Ethylacetat the Naga Hunter began the quest for the Orb.
     0 | D:1      | Reached XP level 1. HP: 19/19 MP: 1/1
   195 | D:1      | Reached XP level 2. HP: 25/26 MP: 2/2
   409 | D:1      | Reached XP level 3. HP: 19/33 MP: 3/3
   802 | D:1      | Reached skill level 4 in Bows
  1120 | D:2      | Found a shadowy altar of Dithmenos.
  1549 | D:2      | Reached XP level 4. HP: 40/40 MP: 4/4
  1622 | D:2      | Found a faded altar of an unknown god.
  2031 | D:3      | Noticed an ogre
  2042 | D:3      | Killed an ogre
  2043 | D:3      | Reached skill level 5 in Bows
  2043 | D:3      | Reached XP level 5. HP: 49/49 MP: 5/5
  2093 | D:3      | Noticed Terence
  2110 | D:3      | Killed Terence
  2784 | D:3      | Reached XP level 6. HP: 30/57 MP: 6/6
  3872 | D:4      | Reached skill level 11 in Bows
  3872 | D:4      | Reached XP level 7. HP: 56/75 MP: 7/7
  4421 | D:4      | Found Cusasut's Antique Weapon Emporium.
  4441 | D:4      | Bought an ichor-stained rapier for 162 gold pieces
  4441 | D:4      | Identified the +2 rapier "Hoikuos" {protect, rCorr Int+2
                  | SInv} (You bought it in a shop on level 4 of the Dungeon)
  4726 | D:4      | Reached XP level 8. HP: 82/82 MP: 8/8
  5078 | D:5      | Entered Level 5 of the Dungeon
  5368 | D:5      | Found a broken altar of Ashenzari.
  5529 | D:5      | Found an iron altar of Okawaru.
  5589 | D:5      | Found a white marble altar of Elyvilon.
  6088 | D:6      | Reached XP level 9. HP: 67/90 MP: 9/9
  6621 | D:7      | Found a staircase to the Ecumenical Temple.
  6632 | Temple   | Entered the Ecumenical Temple
  6645 | Temple   | Became a worshipper of Cheibriados the Contemplative
  6668 | D:7      | Found a flagged portal.
  6679 | Bailey   | Entered a bailey
  6744 | Bailey   | HP: 4/91 [orc warrior zombie/+0 trident (6)]
  6747 | Bailey   | Gained mutation: You sometimes lose the ability to read
                  | scrolls when taking damage. [potion of mutation]
  6747 | Bailey   | Gained mutation: Your tail ends in a venomous barb. [potion
                  | of mutation]
  6750 | Bailey   | Reached skill level 10 in Fighting
  6750 | Bailey   | Reached skill level 5 in Short Blades
  6750 | Bailey   | Reached skill level 5 in Invocations
  6750 | Bailey   | Reached XP level 10. HP: 26/103 MP: 9/14
  6759 | Bailey   | Got the Reference Book on Damaging Moulding
  7069 | Bailey   | Noticed a gargoyle
  7120 | Bailey   | Reached * piety under Cheibriados
  7131 | Bailey   | HP: 3/103 [orc warrior zombie/+0 trident (3)]
  7132 | Bailey   | Mangled by an orc warrior zombie

Illustrated notes

Levels and vault maps discovered:
D:1:      minmay_arrival_jagged, layout_basic,
          amcnicky_mini_rare_corridor_liquid, hangedman_abyss_or_decor_stabs
D:2:      layout_rooms, basic_altar, shapermc_ecumenical_altar_notcrosses,
          chequers_serial_rivers_micro_e, minmay_misc_feat_secret_circle
D:3:      layout_loops_corners, uniq_terence
D:4:      layout_cave_pods, serial_co_window_serial, co_window_corner_a,
          co_window_paths_b, co_window_paths_b, co_window_of_opportunity_a,
          co_window_of_opportunity_a, co_window_corner_a, co_window_paths_a,
          co_window_of_opportunity_a, co_window_corner_a,
          co_window_unsneaky_path_e, co_window_broadway_c, co_window_paths_c,
          co_window_corner_b, co_window_corner_b, co_window_paths_d,
          co_window_4corner_b, glass_columns_b, glass_columns_a,
          glass_columns_a, glass_columns_c, serial_shops, shop,
          small_statue_intersection
D:5:      layout_loops_ring, elyvilon_altar_3, marbit_many_paths,
          okawaru_trees_1
D:6:      layout_rooms, hex_large
D:7:      layout_gridville, minmay_temple_entry_proselytizer, enter_bailey_2,
          nicolae_elevator_lobby_asterisk
Temple:   regret_index_temple_sphere_string
Bailey:   bailey_polearm_vampire_castle_hellmonk, bailey

Skill      XL: |  1  2  3  4  5  6  7  8  9 |
---------------+----------------------------+-----
Stealth        | 2 |  2.7
Dodging        | 2 |  2.0
Bows           | 4 5 11 | 11.7
Fighting       | 3 8 10 | 10.5
Short Blades   | 5 |  5.1
Invocations    | 5 |  5.8

Action                   |  1- 3 |  4- 6 |  7- 9 | 10-12 || total
-------------------------+-------+-------+-------+-------++-------
Melee: Short sword       |    42 |    81 |       |       ||   123
       Punch             |     3 |     1 |     5 |       ||     9
       Rapier            |       |       |   152 |    53 ||   205
 Fire: Shortbow          |     3 |     3 |    48 |       ||    54
Invok: Bend Time         |       |       |       |     1 ||     1
 Abil: Spit Poison       |    41 |    46 |    37 |       ||   124
  Use: Potion            |       |     6 |     8 |     2 ||    16
       Scroll            |       |       |     6 |     2 ||     8
 Stab: Sleeping          |       |       |     1 |     1 ||     2
Armor: Leather armour    |    12 |    15 |    84 |    97 ||   208
Dodge: Dodged            |    22 |    48 |   100 |   116 ||   286
